 Dungeon Crawl Stone Soup version 0.27.0-1-g7a089689b8 (webtiles) character file.

Game seed: 10319810589095272036

1341 Lochraine the Skirmisher (level 8, -1/64 HPs)
             Began as a Mummy Wanderer on Aug 12, 2021.
             Was an Initiate of Gozag.
             Slain by an orc warrior (9 damage)
             ... on level 5 of the Dungeon.
             The game lasted 00:13:38 (9387 turns).

Lochraine the Skirmisher (Mummy Wanderer)           Turns: 9387, Time: 00:13:38

Health: -1/64      AC:  9    Str: 16    XL:     8   Next: 35%
Magic:  8/8        EV:  7    Int: 12    God:    Gozag
Gold:   239        SH:  0    Dex: 12    Spells: 7/7 levels left

rFire    x . .     SeeInvis .   m - +1 spear (venom)
rCold    + . .     Faith    .   (no shield)
rNeg     + + +     Spirit   .   r - +0 chain mail
rPois    ∞         Reflect  .   (no helmet)
rElec    .         Harm     .   (no cloak)
rCorr    .         Rampage  .   (no gloves)
Will     +....                  (no boots)
Stlth    ..........             (no amulet)
HPRegen  0.20/turn              (no ring)
MPRegen  0.11/turn              (no ring)

@: about to teleport
A: cold resistance 1, negative energy resistance 3, torment resistance 2, heat
vulnerability 1, no potions
a: Renounce Religion, Potion Petition, Call Merchant, Bribe Branch


You were on level 5 of the Dungeon.
You worshipped Gozag.
Gozag was aware of your devotion.
You visited 2 branches of the dungeon, and saw 7 of its levels.

You collected 346 gold pieces.
You paid 107 gold pieces to Gozag.

Inventory:

Hand Weapons
 a - a +2 hand axe
 e - a +0 dagger
 m - a +1 spear of venom (weapon)
   (You took it off a gnoll on level 4 of the Dungeon)
Armour
 f - a +0 ring mail
   (You found it on level 1 of the Dungeon)
 l - a +0 plate armour
   (You found it on level 4 of the Dungeon)
 n - a +0 robe
 q - a +0 scale mail
   (You found it on level 5 of the Dungeon)
 r - a +0 chain mail (worn)
   (You took it off an orc on level 5 of the Dungeon)
Wands
 d - a wand of iceblast (16)
   (You took it off a gnoll shaman on level 5 of the Dungeon)
 p - a wand of mindburst (13)
   (You found it on level 5 of the Dungeon)
Scrolls
 b - 5 scrolls of magic mapping {unknown}
 c - 2 scrolls of teleportation {@r4}
 g - 3 scrolls of identify {unknown}
 h - 2 scrolls of fog {unknown}
 i - a scroll of blinking {unknown}
 j - a scroll of vulnerability {unknown}
 k - 2 scrolls of enchant weapon {unknown}


   Skills:
 + Level 5.9 Fighting
 - Level 1.5 Short Blades
 - Level 3.9(4.4) Axes
 + Level 3.0(4.0) Polearms
 + Level 4.6 Armour
 - Level 1.2 Dodging
 - Level 1.5 Stealth
 + Level 1.2 Evocations


You had 7 spell levels left.
You didn't know any spells.
Your spell library contained the following spells:

 Spells                   Type           Power      Damage    Failure   Level
 Magic Dart               Conj           0%         1d3       99%         1
 Call Imp                 Summ           0%         N/A       100%        2
 Passwall                 Tmut/Erth      0%         N/A       100%        2
 Mephitic Cloud           Conj/Pois/Air  0%         N/A       100%        3
 Swiftness                Air            0%         N/A       100%        3
 Invisibility             Hex            0%         N/A       100%        6


Dungeon Overview and Level Annotations

Branches:
Dungeon (6/15)             Temple (1/1) D:6

Altars:
Ashenzari
Elyvilon
Gozag
Hepliaklqana
Kikubaaqudgha
Makhleb
Nemelex Xobeh
Okawaru
Qazlal
Ru
Sif Muna
Trog
Uskayaw
Vehumet
Wu Jian
Xom
Yredelemnul
Zin
The Shining One

Shops:
D:6 *

Annotations:
D:4 1 runed translucent door, nadomodan's ghost, weakling MiBe
D:6 Dowan


Innate Abilities, Weirdness & Mutations

You are immune to poison.
Your flesh is cold resistant. (rC+)
You are immune to negative energy. (rN+++)
You are immune to unholy pain and torment.
You are vulnerable to heat. (rF-)
You do not drink.


Message History

You hear a distant wail of despair.
Your base Polearms skill increases to level 3!
Dowan, Brother of Duvessa comes into view.
He is wielding a +0 dagger.
You see here a +2 ring mail of cold resistance.
You start resting.
An orc warrior comes into view. It is wielding a +0 flail.
The orc warrior shouts!
There is a stone staircase leading up here.
You hit the orc warrior but do no damage.
The orc warrior is poisoned.
The orc warrior hits you but does no damage.
Your chain mail prevents you from hitting the orc warrior.
The orc warrior hits you with a +0 flail!
You closely miss the orc warrior.
The orc warrior hits you with a +0 flail.
An orc comes into view. It is wielding a +0 club.
You closely miss the orc warrior.
The orc shouts!
The orc warrior hits you with a +0 flail.
You hit the orc warrior but do no damage.
The orc warrior hits you with a +0 flail!
You completely miss the orc warrior.
The orc warrior hits you with a +0 flail!
* * * LOW HITPOINT WARNING * * *
You are too injured to fight recklessly!
The orc warrior hits you but does no damage.
You climb upwards.
There is a stone staircase leading down here.
The orc warrior hits you with a +0 flail!
* * * LOW HITPOINT WARNING * * *
Throw: 2 darts (atropa)
Aim: an orc warrior, wielding a +0 flail and wearing a +0 chain mail (moderately wounded, poisoned, 55% to hit, chance to blind on hit: 61%)
You throw an atropa-tipped dart.
The atropa-tipped dart barely misses the orc warrior.
The orc warrior hits you with a +0 flail.
* * * LOW HITPOINT WARNING * * *
Throw: dart (atropa)
Aim: an orc warrior, wielding a +0 flail and wearing a +0 chain mail (moderately wounded, poisoned, 53% to hit, chance to blind on hit: 61%)
You throw an atropa-tipped dart.
The atropa-tipped dart closely misses the orc warrior.
The orc warrior hits you with a +0 flail!
* * * LOW HITPOINT WARNING * * *
The orc warrior looks more healthy.
There is an open door here.
Okay, then.
As you read the scroll of teleportation {@r4}, it crumbles to dust.
You feel strangely unstable.
The orc warrior hits you with a +0 flail!
You die...
Your body crumbles into a pile of gold.

.....#..............#............
.....#..............#............
.....######≈≈≈.....≈≈....########
.....#.≈≈≈≈....≈≈..≈≈....#..)#...
.....#.....≈.≈≈..≈.≈.....'...'...
.....#_.≈≈≈.......≈......#..####.
.....#.....≈.≈≈..≈.≈.....#'#####.
.....#.≈≈≈≈....≈≈..≈≈....#.....#.
.....######≈≈≈.o@..≈≈....'.....#.
.....#..............#....#....##.
.....'..)...........#....##'####.
.....#..##.....##...#....#.......
.....#..####'####...#....#.......
.....#..............#....#....##.
.....#.....)........#....#....##.
.....#..............#....#.....#.
.....#..##.....##...#....#.....'.


You could see an orc warrior.

Vanquished Creatures
  A steam dragon (D:6)
  Duvessa (D:6)
  An ogre (D:5)
  2 phantoms
  2 bullfrogs
  2 scorpions
  A killer bee (D:3)
  A centaur zombie (D:5)
  2 centaur skeletons
  2 hounds
  A bullfrog zombie (D:5)
  A gnoll shaman (D:5)
  An orc priest (D:5)
  An iguana (D:4)
  A hound skeleton (D:4)
  11 gnolls
  8 adders
  A white imp (D:4)
  2 ufetubi
  An adder skeleton (D:4)
  3 dart slugs
  13 orcs
  6 endoplasms
  3 giant cockroaches
  10 goblins
  3 hobgoblins
  8 jackals
  2 quokkas
  7 ball pythons
  8 bats
  3 frilled lizards
  7 kobolds
  5 rats
121 creatures vanquished.

Notes
Turn   | Place    | Note
-------+----------+-------------------------------------------
     0 | D:1      | Lochraine the Mummy Wanderer began the quest for the Orb.
     0 | D:1      | Lochraine set off with the following items: a +2 hand axe,
                  | a +0 short sword, a scroll of teleportation {@r4}, a +0
                  | robe, a +0 dagger
     0 | D:1      | Reached XP level 1. HP: 15/15 MP: 1/1
   393 | D:1      | Reached XP level 2. HP: 20/21 MP: 2/2
   777 | D:1      | Found a faded altar of an unknown god.
  1166 | D:2      | Reached skill level 2 in Fighting
  1198 | D:2      | Reached XP level 3. HP: 27/27 MP: 3/3
  1723 | D:2      | Reached XP level 4. HP: 25/34 MP: 4/4
  2196 | D:3      | Reached skill level 3 in Fighting
  2692 | D:3      | Noticed a scorpion
  2719 | D:3      | Found a stormy altar of Qazlal.
  3037 | D:3      | Reached XP level 5. HP: 37/41 MP: 5/5
  3451 | D:4      | Noticed a black bear
  3691 | D:4      | Reached skill level 4 in Fighting
  4268 | D:4      | Reached XP level 6. HP: 44/48 MP: 6/6
  5475 | D:4      | Found a runed translucent door.
  5475 | D:4      | Noticed nadomodan's ghost (weakling MiBe)
  5605 | D:4      | Reached skill level 1 in Polearms
  6009 | D:5      | Entered Level 5 of the Dungeon
  6056 | D:5      | Reached XP level 7. HP: 44/55 MP: 7/7
  6435 | D:5      | Reached skill level 5 in Fighting
  6757 | D:5      | Found a hide-covered altar of Uskayaw.
  7857 | D:5      | Reached XP level 8. HP: 22/63 MP: 8/8
  8141 | D:6      | Found a staircase to the Ecumenical Temple.
  8176 | Temple   | Entered the Ecumenical Temple
  8427 | Temple   | Became a worshipper of Gozag Ym Sagoz the Greedy
  8595 | D:6      | Found Vekoira's Gadget Gallery.
  9116 | D:6      | Noticed Duvessa
  9142 | D:6      | Killed Duvessa
  9278 | D:6      | Noticed Dowan
  9387 | D:5      | Slain by an orc warrior

Illustrated notes

Levels and vault maps discovered:
D:1:      matt_arrival_refuge, layout_basic, ebering_ecumenical_altar_webs,
          moated_statue, minmay_strange_pillars, minmay_domino_2
D:2:      layout_basic, hangedman_decor_riveting
D:3:      layout_loops_ring, nicolae_qazlal_general_emergency,
          kennysheep_doodads
D:4:      layout_layer_cave, ebering_ghost_sewer_d
D:5:      layout_gridville, nicolae_uskayaw_suspiria
D:6:      layout_gridville, minmay_temple_entry_sparse_star, serial_shops, shop,
          nicolae_shop_gadgets, uniq_duvessa
Temple:   minmay_crystal_spiral_temple

Skill      XL: |  1  2  3  4  5  6  7  8 |
---------------+-------------------------+-----
Axes           | 2 3 |  3.9
Fighting       | 2 3 4 5 |  5.9
Polearms       | 1 2 3 |  3.0
Armour         | 2 4 |  4.6
Short Blades   | |  1.5
Dodging        | |  1.2
Stealth        | |  1.5
Evocations     | |  1.2

Action                   |  1- 3 |  4- 6 |  7- 9 || total
-------------------------+-------+-------+-------++-------
Melee: Hand axe          |   112 |   169 |       ||   281
       Spear             |       |    46 |   198 ||   244
Throw: Dart              |       |       |     4 ||     4
Evoke: Wand              |       |       |     6 ||     6
  Use: Scroll            |       |     4 |     2 ||     6
 Stab: Sleeping          |     1 |     1 |       ||     2
Armor: Ring mail         |    55 |    59 |       ||   114
       Plate armour      |       |    53 |   109 ||   162
       Scale mail        |       |       |     8 ||     8
       Chain mail        |       |       |    11 ||    11
Dodge: Dodged            |    71 |   118 |    57 ||   246
